 Seeded DCSS version 0.30-a0-170-g85af917532 (webtiles) character file.

Game seed: 8 (custom seed)

1 Nerdsrcool the Grave Robber (level 1, 0/13 HPs)
             Began as a Vampire Necromancer on Sept 30, 2022.
             Slain by a rat (1 damage)
             ... on level 1 of the Dungeon.
             The game lasted 00:02:44 (79 turns).

Nerdsrcool the Grave Robber (Vampire Necromancer)     Turns: 79, Time: 00:02:44

Health: 0/13       AC:  3    Str:  7    XL:     1   Next: 16%
Magic:  1/3        EV:  8    Int: 17    God:
Gold:   0          SH:  0    Dex: 14    Spells: 3/4 levels left

rFire   . . .      SeeInvis +    (no weapon)
rCold   . . .      Faith    .    (no shield)
rNeg    . . .      Spirit   .    c - +0 leather armour
rPois   .          Reflect  .    (no helmet)
rElec   .          Harm     .    (no cloak)
rCorr   .          Rampage  .    (no gloves)
Will    .....                    (no boots)
Stlth   ++........               (no amulet)
HPRegen 0.24/turn                (no ring)
MPRegen 0.08/turn                (no ring)

@: healing quickly, constricted
A: alive, fangs 3, see invisible, vampiric 1
a: Exsanguinate


You were on level 1 of the Dungeon.
You visited 1 branch of the dungeon, and saw 1 of its levels.

Inventory:

Armour
 a - a +0 robe
 c - a +0 leather armour (worn)
Potions
 b - a potion of magic


   Skills:
 + Level 2.1 Dodging
 + Level 3.0 Stealth
 + Level 2.0 Spellcasting
 + Level 4.4 Necromancy


You had 3 spell levels left.
You knew the following spells:

 Your Spells              Type           Power      Damage    Failure   Level
a - Necrotise             Necr           64%        1d7       4%          1

Your spell library contained the following spells:

 Spells                   Type           Power      Damage    Failure   Level
 Vampiric Draining        Necr           16%        2d7       14%         3
 Animate Dead             Necr           16%        N/A       43%         4
 Agony                    Necr           16%        N/A       78%         5


Dungeon Overview and Level Annotations

Branches:
Dungeon (1/15)

Altars:


Innate Abilities, Weirdness & Mutations

Your natural rate of healing is accelerated.
You have razor-sharp teeth.
You have supernaturally acute eyesight. (SInv)
You are afflicted with vampirism.


Message History

The bat is moderately wounded.
The bat hits you but does no damage. The ball python bites you.
The ball python grabs you. The ball python constricts you.
Your ball python skeleton bites the kobold but does no damage.
Your ball python skeleton constricts the kobold.
The kobold escapes!
You escape the ball python's grasp.
The bat barely misses you.
Your ball python skeleton bites the kobold.
Your ball python skeleton closely misses the kobold.
You hit the bat but do no damage. Your bite misses the bat.
The bat is moderately wounded.
The bat misses you. The ball python barely misses you.
The ball python grabs you. The ball python constricts you. The rat bites you.
The kobold completely misses you.
You hit the bat but do no damage.
The bat is moderately wounded.
The bat hits you but does no damage.
The ball python bites you but does no damage.
The ball python constricts you.
Your ball python skeleton bites the kobold.
Your ball python skeleton closely misses the kobold.
The rat barely misses you.
The kobold hits your ball python skeleton with a +0 dagger.
You closely miss the kobold.
The kobold is heavily wounded.
The bat hits you. The ball python bites you. The ball python constricts you.
Your ball python skeleton misses the kobold. x2
The rat bites you but does no damage. The kobold hits you with a +0 dagger.
You closely miss the kobold.
The kobold is moderately wounded.
The bat barely misses you. The ball python bites you.
The ball python constricts you.
* * * LOW HITPOINT WARNING * * *
The ball python bites you.
* * * LOW HITPOINT WARNING * * *
The ball python constricts you.
* * * LOW HITPOINT WARNING * * *
Your ball python skeleton closely misses the kobold. x2
The rat bites you.
You die...

........## #.........
.....>...####.........
.......#...##.........
........##$##.........
......................
......................
.......Z..##..$...
.......KSr# ......
.......b@.# ......
..........# .....
............ .....
....#.........
................
..#.#...........
.....!..........
##.######......


You could see a bat, a ball python, a kobold (ally target), a rat and a friendly
ball python skeleton.

Vanquished Creatures
  A ball python (D:1)
  A bat (D:1)
2 creatures vanquished.

Notes
Turn   | Place    | Note
-------+----------+-------------------------------------------
     0 | D:1      | Nerdsrcool the Vampire Necromancer began the quest for the
                  | Orb.
     0 | D:1      | Reached XP level 1. HP: 13/13 MP: 3/3
    79 | D:1      | Slain by a rat

Illustrated notes

Levels and vault maps discovered:
D:1:      minmay_arrival_diagonal_passages, layout_rooms, nrook_mini_backslash

Action                   || total
-------------------------++-------
Melee: Unarmed           ||    16
       Bite              ||     1
 Cast: Necrotise         ||     3
Armor: Leather armour    ||    25
Dodge: Dodged            ||    47

Table legend: (Time is in decaauts)
 A = Elapsed time spent in this place.
 B = Non-inter-level travel time spent in this place.
 C = Inter-level travel time spent in this place.
 D = Time resting spent in this place.
 E = Time spent auto-exploring this place.
 F = Levels seen in this place.
 G = Mean time per level.
                   A        B        C        D        E       F      G
               +--------+--------+--------+--------+--------+-----+--------+
         Total |     79 |     76 |      3 |      0 |     25 |   1 |   79.0 |
       Dungeon |     79 |     76 |      3 |      0 |     25 |   1 |   79.0 |
               +--------+--------+--------+--------+--------+-----+--------+

Top non-repeatable levels by time:
     D:1: 79 daAuts
